 Dungeon Crawl Stone Soup version 0.25-a0-1133-g93ebf739aa (webtiles) character file.

Game seed: 17427309970905803726, levelgen mode: deterministic

44 Holzbalken the Chopper (level 3, -1/31 HPs)
             Began as a Hill Orc Monk on May 22, 2020.
             Killed from afar by a dart slug (3 damage)
             ... with a slug dart
             ... on level 2 of the Dungeon.
             The game lasted 00:03:25 (1209 turns).

Holzbalken the Chopper (Hill Orc Monk)              Turns: 1209, Time: 00:03:26

Health: -1/31      AC:  5    Str: 13 (14) XL:     3   Next: 60%
Magic:  3/3        EV: 10    Int:  8 (10) God:
Gold:   65         SH:  3    Dex: 12 (13) Spells: 2/2 levels left

rFire    . . .     SeeInvis .   a - +0 hand axe
rCold    . . .     Gourm    .   j - +0 buckler
rNeg     . . .     Faith    .   c - +0 ring mail
rPois    .         Spirit   .   (no helmet)
rElec    .         Reflect  .   (no cloak)
rCorr    .         Harm     .   (no gloves)
MR       .....                  (no boots)
Stlth    +.........             (no amulet)
HPRegen  0.10/turn              (no ring)
MPRegen  0.08/turn              (no ring)

@: lethally poisoned (-1 -> -3)
A: no striking features
a: no special abilities


You were on level 2 of the Dungeon.
You were not hungry.

You visited 1 branch of the dungeon, and saw 2 of its levels.

You collected 65 gold pieces.

Inventory:

Hand Weapons
 a - a +0 hand axe (weapon)
Armour
 b - a +0 robe
 c - a +0 ring mail (worn)
   (You found it on level 1 of the Dungeon)
 j - a +0 buckler (worn)
   (You found it on level 1 of the Dungeon)
Jewellery
 d - a cursed ring of teleportation {unknown}
   (You found it on level 1 of the Dungeon)
Scrolls
 f - a scroll of fog {unknown}
 h - 3 scrolls of identify {unknown}
 i - 4 scrolls of remove curse {unknown}
 k - 3 scrolls of teleportation {unknown}
 l - a scroll of enchant weapon {unknown}
Potions
 m - a potion of curing {unknown}
 n - a potion of resistance {unknown}
 o - a potion of heal wounds {unknown}
Comestibles
 e - 3 rations {!d}
 g - 3 chunks of flesh


   Skills:
 - Level 3.6 Fighting
 + Level 6.0 Axes
 - Level 2.4 Dodging
 - Level 1.5 Stealth


You had 2 spell levels left.
You didn't know any spells.
Your spell library was empty.

Dungeon Overview and Level Annotations

Branches:
Dungeon (2/15)

Altars:


Message History

The adder bites you but does no damage. The bat hits you but does no damage.
You feel sick. The bat closely misses you.
The adder bites you but does no damage.
Your ring mail prevents you from hitting the adder.
The adder bites you. The bat hits you but does no damage.
You completely miss the adder. You closely miss the bat.
You feel sick.
The bat hits you but does no damage. x2; The adder barely misses you.
Some of the chunks of flesh in your inventory have rotted away.
You miss the adder. You hit the bat. The bat closely misses you.
The adder bites you.
You are more poisoned.
The adder poisons you! You block the adder's attack.
You hit the adder.
You feel sick. The bat hits you but does no damage.
You block the adder's attack.
You barely miss the adder. You closely miss the bat.
The bat closely misses you. You block the adder's attack.
Your shield and ring mail prevent you from hitting the adder.
You hit the bat.
You feel sick. You block the bat's attack. The adder barely misses you.
The adder bites you.
* * * LOW HITPOINT WARNING * * *
You hit the adder. You barely miss the bat. The bat closely misses you.
You block the adder's attack.
You hit the adder.
You kill the adder!
Your Axes skill increases to level 6!
You feel sick. The bat closely misses you.
You slash the bat!
You kill the bat!
You hit the worm.
You feel sick.
You hit the worm. The worm misses you.
Your shield and ring mail prevent you from hitting the worm.
The worm bites you.
* * * LOW HITPOINT WARNING * * *
You hit the worm.
You feel sick.
A dart slug comes into view.
You completely miss the worm. The worm bites you.
* * * LOW HITPOINT WARNING * * *
The worm bites you!
* * * LOW HITPOINT WARNING * * *
Things that are here:
a bat corpse; a bat skeleton It was a potion of degeneration.
There was something very wrong with that liquid.
You feel weakened.
You feel dopey.
You feel clumsy.
* * * LOW HITPOINT WARNING * * *
You feel sick. The dart slug launches a dart at you. The slug dart hits you.
You die...

#.# .#####..#.##.# #w.
#####..#.# ... ##..
#......#.###.#.
###....######.......>.....
.........................
#.......................
.###...#######........####(
..........w..w........#
.###...#.##@..........#
......##.##.##..##..###
#.#### #.##.##......# #
#.##.###.##..# #.##.# #.#
.## #.##.# #.# #.##.# ..
#.#


You could see a worm and a dart slug.

Vanquished Creatures
  An adder (D:2)
  3 dart slugs (D:1)
  5 bats
  4 giant cockroaches
  5 goblins (D:1)
  3 kobolds (D:1)
  8 rats (D:1)
29 creatures vanquished.

Notes
Turn   | Place    | Note
-------+----------+-------------------------------------------
     0 | D:1      | Holzbalken the Hill Orc Monk began the quest for the Orb.
     0 | D:1      | Reached XP level 1. HP: 19/19 MP: 1/1
   156 | D:1      | Reached XP level 2. HP: 24/26 MP: 2/2
   220 | D:1      | Reached skill level 5 in Axes
   875 | D:1      | Reached XP level 3. HP: 27/31 MP: 3/3
  1201 | D:2      | Reached skill level 6 in Axes
  1209 | D:2      | Killed from afar by a dart slug

Illustrated notes

Levels and vault maps discovered:
D:1:      ebering_trefoil_twist, layout_basic, due_unseen_surprise
D:2:      layout_loops_ring, kiku_gazebo_pond_becter,
          nemelex_xobeh_ov_fountains_minmay, lemuel_round_altar, uniq_sigmund

Skill      XL: |  1  2  3 |
---------------+----------+-----
Axes           | 5 6 |  6.0
Fighting       | |  3.6
Dodging        | |  2.4
Stealth        | |  1.5

Action                   || total
-------------------------++-------
Melee: Hand axe          ||    98
  Use: Potion            ||     1
  Eat: Chunk             ||     1
Armor: Ring mail         ||    57
Dodge: Dodged            ||    55
Block: Buckler           ||    17

Table legend:
 A = Non-vault XP
 B = Vault XP
 C = Vault XP percentage of total XP
 D = Non-vault monster count
 E = Vault monster count
 F = Vault count percentage of total count
                 A         B        C        D         E       F
            +---------+---------+-------+---------+---------+-------
      Total |      63 |       0 |   0.0 |      29 |       0 |   0.0
            +---------+---------+-------+---------+---------+-------
        D:1 |      43 |       0 |   0.0 |      24 |       0 |   0.0
        D:2 |      20 |       0 |   0.0 |       5 |       0 |   0.0
            +---------+---------+-------+---------+---------+-------
